 Dungeon Crawl Stone Soup version 0.29-a0-330-g52719c12eb (webtiles) character file.

Game seed: 12921800248946239780

1254 Anon1729 the Magician (level 8, -7/60 HPs)
             Began as a Mummy Monk on May 15, 2022.
             Splashed by a jelly's acid (10 damage)
             ... on level 5 of the Dungeon.
             The game lasted 00:07:58 (6351 turns).

Anon1729 the Magician (Mummy Monk)                  Turns: 6351, Time: 00:07:58

Health: -7/60      AC: -3    Str: 14    XL:     8   Next: 26%
Magic:  15/15      EV: 13    Int: 11    God:
Gold:   307        SH:  0    Dex: 15    Spells: 16/16 levels left

rFire   x . .      SeeInvis .   a - +0 short sword
rCold   + . .      Faith    +   (no shield)
rNeg    + + +      Spirit   .   d - +0 leather armour
rPois   ∞          Reflect  .   (no helmet)
rElec   .          Harm     .   n - +0 cloak {rPois}
rCorr   .          Rampage  .   (no gloves)
Will    +....                   i - +0 pair of boots
Stlth   ++........              l - amulet of faith
HPRegen 0.20/turn               (no ring)
MPRegen 0.14/turn               (no ring)

@: corroded
A: cold resistance 1, negative energy resistance 3, torment resistance 2, heat
vulnerability 1, in touch with death 1, no potions
a: no special abilities


You were on level 5 of the Dungeon.
You visited 1 branch of the dungeon, and saw 5 of its levels.

You collected 367 gold pieces.
You spent 60 gold pieces at shops.

Inventory:

Hand Weapons
 a - a +0 short sword (weapon)
Armour
 b - a +0 robe
 d - a +0 leather armour (worn)
 i - a +0 pair of boots (worn)
 n - a +0 cloak of poison resistance (worn)
Jewellery
 l - an amulet of faith (around neck)
Wands
 p - a wand of mindburst (3)
Scrolls
 e - 2 scrolls of noise {unknown}
 f - 2 scrolls of fear {unknown}
 g - a scroll of enchant weapon {unknown}
 h - a scroll of immolation {unknown}
 j - 2 scrolls of teleportation {unknown}
 k - 3 scrolls of magic mapping {unknown}
 m - a scroll of identify {unknown}
 o - 2 scrolls of vulnerability {unknown}
 q - a scroll of enchant armour {unknown}
 r - 2 scrolls of blinking {unknown}


   Skills:
 + Level 4.3 Fighting
 + Level 3.5 Short Blades
 + Level 3.5 Dodging
 + Level 3.4 Stealth
 * Level 4.7 Spellcasting
 * Level 3.4 Hexes
 + Level 1.9 Summonings
 * Level 3.3 Necromancy
 - Level 1.0 Evocations


You had 16 spell levels left.
You didn't know any spells.
Your spell library contained the following spells:

 Spells                   Type           Power      Damage    Failure   Level
 Animate Skeleton         Necr           30%        N/A       7%          1
 Pain                     Necr           60%        1d7       7%          1
 Vampiric Draining        Necr           15%        2d7       22%         3
 Summon Guardian Golem    Hex/Summ       8%         N/A       28%         3
 Ignite Poison            Fire/Tmut/Pois 2%         N/A       63%         3
 Mephitic Cloud           Conj/Pois/Air  2%         N/A       63%         3
 Freezing Cloud           Conj/Ice/Air   1%         6-21      100%        5
 Orb of Destruction       Conj           1%         9d5       100%        7
 Spellforged Servitor     Conj/Summ      2%         N/A       100%        7


Dungeon Overview and Level Annotations

Branches:
Dungeon (5/15)
 Temple: D:4-7

Altars:

Shops:
D:1 :*[


Innate Abilities, Weirdness & Mutations

You are immune to poison.
Your flesh is cold resistant. (rC+)
You are immune to negative energy. (rN+++)
You are immune to unholy pain and torment.
You are vulnerable to heat. (rF-)
You are in touch with the powers of death.
You do not drink.


Message History

Press: ? - help, Q - select action, (/) - cycle Shift-Dir - straight line, f/p - jelly
Aim: a jelly (poisoned, 90% to hit)
You throw a poisoned dart. The poisoned dart hits the jelly.
Unknown command.
You hit the jelly. The acid corrodes you!
Your hands burn!
The jelly is moderately wounded.
The jelly closely misses you.
You hit the jelly but do no damage.
Your hands burn!
The jelly is moderately wounded.
The jelly closely misses you.
You hit the jelly.
Your hands burn!
The jelly is heavily wounded.
The jelly looks more healthy.
You hit the jelly but do no damage. The acid corrodes you!
Your hands burn!
The jelly is heavily wounded.
The jelly completely misses you.
You hit the jelly.
Your hands burn!
The jelly is severely wounded.
The jelly hits you.
You are splashed with acid!
You hit the jelly.
Your hands burn!
The jelly is severely wounded.
The jelly hits you.
You are splashed with acid!
* * * LOW HITPOINT WARNING * * *
Unknown command.
You barely miss the jelly.
The jelly is severely wounded.
The jelly barely misses you.
You barely miss the jelly.
The jelly is severely wounded.
The jelly hits you.
* * * LOW HITPOINT WARNING * * *
You are splashed with acid!
* * * LOW HITPOINT WARNING * * *
You hit the jelly but do no damage.
Your hands burn!
* * * LOW HITPOINT WARNING * * *
The jelly is severely wounded.
The jelly hits you.
* * * LOW HITPOINT WARNING * * *
You are splashed with acid!
You die...

#..........#..##........#.....
###.............##.#.#.#........
#..........#............#.....#.
#.......####.........#...#....#.
##.......###>....#....#...#...#.
###.....##............)...#..#.
#.....###................#.#.
###..##....................#.
#.###.....@...#....#######.
#####.....J................
#.....#..................
##..#...............#....
######...........####...
#.(.#.#......###...
#.(####......#..... ###.(#
#.............
##....####............


You could see a jelly.

Vanquished Creatures
  Edmund (D:5)
  2 water moccasins (D:5)
  2 ogres
  A kobold brigand (D:4)
  A bullfrog (D:4)
  A necrophage (D:5)
  3 scorpions
  2 jellies (D:5)
  2 hounds (D:4)
  2 iguanas
  Ijyb (D:4)
  An orc wizard (D:3)
  7 adders
  A white imp (D:5)
  4 worms
  3 dart slugs
  8 orcs
  A bat (D:3)
  3 endoplasms
  5 giant cockroaches
  5 goblins
  8 hobgoblins
  4 jackals (D:4)
  A kobold (D:2)
  3 quokkas
  8 ball pythons
  A frilled lizard (D:3)
  3 rats (D:1)
84 creatures vanquished.

Notes
Turn   | Place    | Note
-------+----------+-------------------------------------------
     0 | D:1      | Anon1729 the Mummy Monk began the quest for the Orb.
     0 | D:1      | Reached XP level 1. HP: 18/18 MP: 1/1
    20 | D:1      | Found Siurups's Antique Armour Shoppe.
   393 | D:1      | Found Oschutt's Book Boutique.
   396 | D:1      | Reached XP level 2. HP: 24/24 MP: 2/2
   477 | D:1      | Found Cebbe's Assorted Antiques.
   483 | D:1      | Bought a scroll labelled ZUEHALYHIU for 30 gold pieces
   483 | D:1      | Bought a scroll labelled SECYENAXTEPN for 30 gold pieces
  1101 | D:2      | Gained mutation: You are in touch with the powers of death.
                  | [Mummy growth]
  1101 | D:2      | Reached XP level 3. HP: 29/29 MP: 3/3
  1293 | D:2      | Reached skill level 1 in Spellcasting
  2090 | D:3      | Reached XP level 4. HP: 35/35 MP: 5/5
  2127 | D:3      | Reached skill level 1 in Hexes
  3474 | D:4      | Noticed a scorpion
  3498 | D:4      | Reached XP level 5. HP: 26/41 MP: 7/7
  3518 | D:4      | Reached skill level 1 in Necromancy
  3807 | D:4      | Reached XP level 6. HP: 48/48 MP: 9/9
  3935 | D:4      | Reached skill level 1 in Summonings
  4307 | D:4      | Noticed Ijyb
  4312 | D:4      | Killed Ijyb
  4855 | D:4      | Reached XP level 7. HP: 53/53 MP: 12/12
  4978 | D:5      | Entered Level 5 of the Dungeon
  5759 | D:5      | Reached skill level 1 in Evocations
  6034 | D:5      | Noticed Edmund
  6045 | D:5      | Reached XP level 8. HP: 45/60 MP: 14/14
  6050 | D:5      | Killed Edmund
  6351 | D:5      | HP: 3/60 [jelly (1)]
  6351 | D:5      | Splashed by a jelly's acid

Illustrated notes

Levels and vault maps discovered:
D:1:      saegor_arrival_miasma, layout_rooms, serial_shops, shop,
          nicolae_square_shop, nicolae_shop_hallway_plus, minmay_box_of_dots
D:2:      layout_basic
D:3:      layout_loops_ring, chequers_jeans
D:4:      layout_loops_ring, uniq_ijyb
D:5:      layout_cave_pools, hangedman_decor_opposing, minivault_23, uniq_edmund

Skill      XL: |  1  2  3  4  5  6  7 |
---------------+----------------------+-----
Stealth        | 2 3 |  3.4
Spellcasting   | 1 2 3 4 |  4.7
Hexes          | 1 2 3 |  3.4
Short Blades   | 3 |  3.5
Dodging        | 3 |  3.5
Necromancy     | 1 2 3 |  3.3
Summonings     | 1 |  1.9
Fighting       | 4 |  4.3
Evocations     | 1 |  1.0

Action                   |  1- 3 |  4- 6 |  7- 9 || total
-------------------------+-------+-------+-------++-------
Melee: Short sword       |   110 |   176 |   124 ||   410
       Punch             |     3 |     1 |     1 ||     5
Throw: Dart              |       |    17 |    22 ||    39
Evoke: Wand              |       |    11 |    15 ||    26
 Stab: Sleeping          |     5 |     4 |     3 ||    12
       Paralysed         |       |     3 |     5 ||     8
Armor: Leather armour    |    21 |    48 |    25 ||    94
Dodge: Dodged            |    54 |   114 |    69 ||   237

Table legend: (Time is in decaauts)
 A = Elapsed time spent in this place.
 B = Non-inter-level travel time spent in this place.
 C = Inter-level travel time spent in this place.
 D = Time resting spent in this place.
 E = Time spent auto-exploring this place.
 F = Levels seen in this place.
 G = Mean time per level.
                   A        B        C        D        E       F      G
               +--------+--------+--------+--------+--------+-----+--------+
         Total |   6334 |   6194 |    140 |   1477 |   3709 |   5 | 1266.8 |
       Dungeon |   6334 |   6194 |    140 |   1477 |   3709 |   5 | 1266.8 |
               +--------+--------+--------+--------+--------+-----+--------+

Top non-repeatable levels by time:
     D:2: 1587 daAuts
     D:4: 1573 daAuts
     D:3: 1434 daAuts
     D:5: 1142 daAuts
     D:1: 596 daAuts
